 Dungeon Crawl Stone Soup version 0.20.0-15-g7f486f2 (webtiles) character file.

89 JohnnyMnemonic the Poker (level 4, 0/35 HPs)
             Began as a Merfolk Monk on July 3, 2017.
             Slain by an ogre
             ... wielding a cursed +0 giant club
              (22 damage)
             ... on level 4 of the Dungeon.
             The game lasted 00:02:27 (2292 turns).

JohnnyMnemonic the Poker (Merfolk Monk)             Turns: 2292, Time: 00:02:28

Health: 0/35       AC:  9    Str: 12    XL:     4   Next: 55%
Magic:  0/4        EV: 10    Int:  9    God:
Gold:   180        SH:  0    Dex: 16    Spells: 3/3 levels left

rFire    . . .     SeeInvis .   a - +0 spear
rCold    . . .     Gourm    .   (no shield)
rNeg     . . .     Faith    .   x - +0 scale mail (curse)
rPois    .         Spirit   +   (no helmet)
rElec    .         Reflect  .   (no cloak)
rCorr    +         Harm     .   l - +2 pair of gloves
MR       .....                  (no boots)
Stlth    +.........             u - amulet of guardian spirit
Regen    0.2/turn               j - ring of resist corrosion
MPRegen  0.1/turn               (no ring)

@: no status effects
A: change form in water, swift swim, stealthy swim
a: no special abilities


You were on level 4 of the Dungeon.
You were not hungry.

You visited 1 branch of the dungeon, and saw 4 of its levels.

You collected 180 gold pieces.

Inventory:

Hand Weapons
 a - a +0 spear (weapon)
Armour
 b - a +0 robe
 d - a +1 plate armour of poison resistance
 l - a +2 pair of gloves (worn)
 x - a cursed +0 scale mail (worn)
Jewellery
 j - a ring of resist corrosion (left hand)
 u - an amulet of guardian spirit (around neck)
Scrolls
 e - 3 scrolls of identify {unknown}
 g - a scroll of recharging {unknown}
 i - a scroll of amnesia {unknown}
 m - a scroll of immolation {unknown}
 o - a scroll of blinking {unknown}
 s - a scroll of enchant armour {unknown}
 v - a scroll of magic mapping {unknown}
Potions
 h - a potion of brilliance {unknown}
 n - a potion of mutation {unknown}
 p - a potion of flight {unknown}
 q - a potion of invisibility {unknown}
 w - a potion of agility {unknown}
Comestibles
 c - 5 bread rations
 f - 2 royal jellies
 k - 3 meat rations
 r - 3 fruits
 t - a chunk of flesh


   Skills:
 - Level 3.2 Fighting
 + Level 7.5 Polearms
 - Level 4.0 Dodging
 - Level 2.1 Stealth


You had 3 spell levels left.
You didn't know any spells.

Dungeon Overview and Level Annotations

Branches:
Dungeon (4/15)
 Temple: D:4-7

Altars:
Makhleb
Vehumet

Annotations:
D:1 1 runed door


Message History

You are too injured to fight recklessly!
You are too injured to fight recklessly!
You are too injured to fight recklessly!
You are too injured to fight recklessly!
You are too injured to fight recklessly!
You are too injured to fight recklessly!
You are too injured to fight recklessly!
You hit the ogre but do no damage. The ogre closely misses you.
You hit the ogre.
The ogre is lightly wounded.
You hit the ogre but do no damage.
The ogre is lightly wounded.
The ogre hits you but does no damage.
You hit the ogre but do no damage.
The ogre is lightly wounded.
You hit the ogre.
The ogre is moderately wounded.
The ogre hits you with a giant club!!
Ouch! That really hurt!
You die...

### #.. ####.#
)...# #..#
#..#######
#...@O...#
#..#####....
#..####### .
#.........
#.(........O.##
#.####..####.#
.... # ##..#
#.##


You could see an ogre.

Vanquished Creatures
  A worker ant (D:4)
  An adder (D:3)
  An ooze (D:3)
  A worm (D:2)
  A dart slug (D:1)
  2 leopard geckos (D:1)
  4 orcs (D:3)
  A giant cockroach (D:1)
  6 goblins
  5 hobgoblins
  2 jackals (D:2)
  3 kobolds
  3 quokkas
  A ball python (D:2)
  6 bats
  A frilled lizard (D:1)
  3 rats
42 creatures vanquished.

Notes
Turn   | Place    | Note
-------+----------+-------------------------------------------
     0 | D:1      | JohnnyMnemonic the Merfolk Monk began the quest for the Orb.
     0 | D:1      | Reached XP level 1. HP: 18/18 MP: 1/1
     1 | D:1      | Found a runed door.
    98 | D:1      | Reached skill level 5 in Polearms
    98 | D:1      | Reached XP level 2. HP: 20/24 MP: 2/2
   768 | D:2      | Reached XP level 3. HP: 29/29 MP: 3/3
   769 | D:2      | Reached skill level 6 in Polearms
  1185 | D:2      | Found a burning altar of Makhleb.
  1185 | D:2      | Found a radiant altar of Vehumet.
  1782 | D:3      | Reached skill level 7 in Polearms
  1782 | D:3      | Reached XP level 4. HP: 35/35 MP: 4/4
  2018 | D:4      | Noticed an ogre
  2292 | D:4      | Slain by an ogre

Skill      XL: |  1  2  3 |
---------------+----------+-----
Polearms       | 5 7 |  7.5
Fighting       | |  3.2
Dodging        | |  4.0
Stealth        | |  2.1

Action                   |  1- 3 |  4- 6 || total
-------------------------+-------+-------++-------
Melee: Spear             |   158 |    23 ||   181
       Tailslap          |     1 |       ||     1
  Use: Potion            |     1 |       ||     1
  Eat: Chunk             |     3 |     1 ||     4
Armor: Plate armour      |    72 |       ||    72
       Robe              |     1 |       ||     1
       Scale mail        |       |     5 ||     5
Dodge: Dodged            |    25 |     6 ||    31
